 Dungeon Crawl Stone Soup version 0.31-a0-1204-ge2c1a860ed (webtiles) character file.

Game seed: 17031150950443590734

26453 freelancePsychic the Fighter (level 12, 0/102 HPs)
             Began as a Demonspawn Hexslinger on Dec 11, 2023.
             Was an Initiate of Hepliaklqana.
             Slain by an orc warrior
             ... wielding a +0 mace
              (11 damage)
             ... on level 1 of the Orcish Mines on Dec 12, 2023.
             The game lasted 00:40:20 (14032 turns).

freelancePsychic the Fighter (DsHs)                Turns: 14032, Time: 00:40:21

Health: 0/102      AC: 12    Str: 12      XL:     12   Next: 98%
Magic:  24/31      EV: 12    Int: 22 (24) God:    Hepliaklqana [......]
Gold:   1321       SH:  0    Dex: 22 (23) Spells: 16/25 levels left

rFire   + + +        N - +0 arbalest
rCold   + . .        (shield currently unavailable)
rNeg    + . .        L - +1 leather armour of Ashenzari's Approval {rF+ MP+9 Int+4}
rPois   .            J - +1 helmet of Moral Flaws {rF+}
rElec   +            A - +0 cloak of the Seven Olives {rC+ Str+3 Int+3}
rCorr   +            (no gloves)
SInv    .            x - +0 pair of boots
Will    ++...        S - necklace of Bloodlust {Fury *Rage Will++ Int-3 Slay+6}
Stlth   ++           G - ring of the Philosopher {rElec rN+ Int+6 Dex+3}
HPRegen 0.37/turn    Z - ring "Coty" {rF+ Slay+5}
MPRegen 0.22/turn

%: random rage (50%)
@: no status effects
A: yellow scales 3, spiny 2, bedeviling, demonic touch 2
a: Renounce Religion


You were on level 1 of the Orcish Mines.
You worshipped Hepliaklqana.
Hepliaklqana was noncommittal.
You visited 2 branches of the dungeon, and saw 13 of its levels.
You visited the Abyss 1 time.
You also visited: Trove and Bailey.

You collected 1321 gold pieces.

Inventory:

Hand Weapons
 a - a +1 sling
 B - a +0 shortbow
 N - a +0 arbalest (weapon)
Armour
 k - the +1 robe of Omission {rElec Dex+4 Slay+3}
   (You found it on level 8 of the Dungeon)

   Dex+4:     It affects your dexterity (+4).
   Slay+3:    It affects your accuracy & damage with ranged weapons and melee
   (+3).
   rElec:     It insulates you from electricity.
 x - a +0 pair of boots (worn)
 y - a +2 leather armour of fire resistance
 A - the +0 cloak of the Seven Olives (worn) {rC+ Str+3 Int+3}
   (You acquired it in a bailey)

   Str+3:     It affects your strength (+3).
   Int+3:     It affects your intelligence (+3).
   rC+:       It protects you from cold.
 F - +0 steam dragon scales
 J - the +1 helmet of Moral Flaws (worn) {rF+}
   (You acquired it on level 12 of the Dungeon)

   rF+:       It protects you from fire.
 L - the +1 leather armour of Ashenzari's Approval (worn) {rF+ MP+9 Int+4}
   (You took it off an orc on level 10 of the Dungeon)

   Int+4:     It affects your intelligence (+4).
   rF+:       It protects you from fire.
   MP+9:      It affects your magic capacity (+9).
Jewellery
 p - a +6 ring of strength
 E - the ring "Anaz" {Fire Int+5}
   (You found it in a treasure trove)

   [ring of fire]

   Fire:      It enhances your fire magic.
   Int+5:     It affects your intelligence (+5).
   rF+:       It protects you from fire.
   rC-:       It makes you vulnerable to cold.
 G - the ring of the Philosopher (left hand) {rElec rN+ Int+6 Dex+3}
   (You found it in a treasure trove)

   [ring of intelligence]

   Int+6:     It affects your intelligence (+6).
   Dex+3:     It affects your dexterity (+3).
   rElec:     It insulates you from electricity.
   rN+:       It protects you from negative energy.
 P - a ring of flight
 Q - the ring of the Spinneret {Ice Int+4 Stlth-}
   (You found it in a treasure trove)

   [ring of ice]

   Ice:       It enhances your ice magic.
   Int+4:     It affects your intelligence (+4).
   rF-:       It makes you vulnerable to fire.
   rC+:       It protects you from cold.
   Stlth-:    It makes you less stealthy.
 R - the amulet "Simuabb" {Reflect Harm rPois Will+ SH+5 Stlth+}
   (You found it in a treasure trove)

   [amulet of reflection]

   Reflect:   It reflects blocked missile attacks.
   rPois:     It protects you from poison Will+: It increases your willpower.
   SH+5:      It affects your SH (+5).
   Harm:      It increases damage dealt and taken.
   Stlth+:    It makes you more stealthy.
 S - the necklace of Bloodlust (around neck) {Fury *Rage Will++ Int-3 Slay+6}
   (You found it in a treasure trove)

   [amulet of nothing]

   Fury:      It extends the wearer's berserk rage when killing foes.
   Int-3:     It affects your intelligence (-3).
   Slay+6:    It affects your accuracy & damage with ranged weapons and melee
   (+6).
   Will++:    It greatly increases your willpower.
   *Rage:     It berserks you when you make melee attacks (+50% chance).
 T - a +5 ring of evasion
 U - the ring of the Spinneret {Ice Str+4 Int-2}
   (You found it in a treasure trove)

   [ring of ice]

   Ice:       It enhances your ice magic.
   Str+4:     It affects your strength (+4).
   Int-2:     It affects your intelligence (-2).
   rF-:       It makes you vulnerable to fire.
   rC+:       It protects you from cold.
 V - a ring of ice
 W - the amulet of the Blind Eye {Reflect rElec rN++ Will+ Str-2 SH+5}
   (You found it in a treasure trove)

   [amulet of reflection]

   Reflect:   It reflects blocked missile attacks.
   Str-2:     It affects your strength (-2).
   rElec:     It insulates you from electricity.
   rN++:      It greatly protects you from negative energy.
   Will+:     It increases your willpower.
   SH+5:      It affects your SH (+5).
 X - the ring "Fyrghuo" {Ice Int+4 Dex+5}
   (You found it in a treasure trove)

   [ring of ice]

   Ice:       It enhances your ice magic.
   Int+4:     It affects your intelligence (+4).
   Dex+5:     It affects your dexterity (+5).
   rF-:       It makes you vulnerable to fire.
   rC+:       It protects you from cold.
 Y - the ring of Wasar {rC++ Str+6 Int+3 Dex-2 Stlth+}
   (You found it in a treasure trove)

   [ring of strength]

   Str+6:     It affects your strength (+6).
   Int+3:     It affects your intelligence (+3).
   Dex-2:     It affects your dexterity (-2).
   rC++:      It greatly protects you from cold.
   Stlth+:    It makes you more stealthy.
 Z - the ring "Coty" (right hand) {rF+ Slay+5}
   (You found it in a treasure trove)

   [ring of protection from fire]

   Slay+5:    It affects your accuracy & damage with ranged weapons and melee
   (+5).
   rF+:       It protects you from fire.
Wands
 n - a wand of roots (9)
 o - a wand of quicksilver (14)
 C - a wand of digging (4)
 D - a wand of flame (9)
Scrolls
 b - 4 scrolls of poison
 c - a scroll of brand weapon {unknown}
 e - a scroll of silence {unknown}
 g - 3 scrolls of noise
 h - 2 scrolls of immolation
 l - 3 scrolls of teleportation {@r4}
 t - 2 scrolls of fog
 z - 2 scrolls of enchant armour
 K - a scroll of amnesia
 M - a scroll of fear
Potions
 d - 2 potions of invisibility
 f - a potion of magic
 i - a potion of lignification
 m - a potion of might
 q - a potion of degeneration {unknown}
 r - a potion of enlightenment {unknown}
 s - a potion of heal wounds {unknown}
 v - a potion of cancellation
 w - 2 potions of attraction
 H - a potion of experience {unknown}
 I - a potion of berserk rage {unknown}
 O - 8 potions of ambrosia


   Skills:
 + Level 11.8 Fighting
 + Level 9.9 Ranged Weapons
 - Level 1.8 Dodging
 + Level 0.4 Stealth
 - Level 7.0 Spellcasting
 - Level 9.6 Hexes
 - Level 5.0 Translocations
 - Level 4.0 Fire Magic
 - Level 8.8 Invocations
 - Level 3.0 Evocations


You had 16 spell levels left.
You knew the following spells:

 Your Spells              Type           Power      Damage    Failure   Level
a - Jinxbite              Hex            100%       N/A       1%          2
b - Inner Flame           Hex/Fire       54%        N/A       1%          3
c - Dimensional Bullseye  Hex/Tloc       28%        N/A       4%          4

Your spell library contained the following spells:

 Spells                   Type           Power      Damage    Failure   Level
 Lesser Beckoning         Tloc           58%        N/A       1%          2
 Sigil of Binding         Hex            66%        N/A       1%          3
 Cause Fear               Hex            33%        N/A       1%          4
 Ensorcelled Hibernation  Hex/Ice        86%        N/A       2%          2
 Dazzling Flash           Conj/Hex       86%        N/A       4%          3
 Gell's Gravitas          Tloc           29%        N/A       4%          3
 Teleport Other           Tloc           29%        N/A       4%          3
 Freeze                   Ice            28%        1d5       11%         1
 Magic Dart               Conj           28%        1d4       11%         1
 Shock                    Conj/Air       28%        1d4       11%         1
 Anguish                  Hex/Necr       21%        N/A       14%         4
 Call Imp                 Summ           14%        N/A       16%         2
 Poisonous Vapours        Pois/Air       14%        N/A       16%         2
 Ignite Poison            Fire/Tmut/Pois 13%        N/A       19%         3
 Frozen Ramparts          Ice            14%        1d3       30%         3
 Hailstorm                Conj/Ice       7%         3d5       30%         3
 Mephitic Cloud           Conj/Pois/Air  7%         N/A       30%         3
 Swiftness                Air            7%         N/A       30%         3
 Silence                  Hex/Air        21%        N/A       36%         5
 Sticky Flame             Conj/Fire      16%        2d4       41%         4
 Airstrike                Air            3%         2d(1-17)  71%         4
 Agony                    Necr           7%         N/A       96%         5
 Freezing Cloud           Conj/Ice/Air   3%         6-21      96%         5
 Ignition                 Fire           12%        3d6       100%        8


Dungeon Overview and Level Annotations

Branches:
Dungeon (12/15)            Temple (0/1) D:5            Lair (0/5) D:9
    Orc (1/2) D:9          Bailey (visited)

Altars:
Ashenzari
Cheibriados
Dithmenos
Fedhas
Gozag
Hepliaklqana
Okawaru
Ru
Sif Muna
Trog
Uskayaw
Vehumet
Wu Jian
Xom

Shops:
D:7 =

Annotations:
D:5 2 transporters
Orc:1 Sonja


Innate Abilities, Weirdness & Mutations

You are completely covered in yellow scales. (AC +4, rCorr)
You are mostly covered in sharp spines.
Your hexes are more powerful.
Your touch may inflict irresistible damage on your foes.


Message History

The small abomination is attracted toward you.
Okay, then.
Your magical effects are unravelling.
You feel magically purged.
The small abomination closely misses you.
Something hits you!!
* * * LOW HITPOINT WARNING * * *
You feel your power leaking away.
Deactivating autopickup; reactivate with Ctrl-A.
You feel less attractive to monsters.
Unknown command.
Unknown command.
Unknown command.
Unknown command.
Unknown command.
Unknown command.
Unknown command.
Unknown command.
Unknown command.
Unknown command.
Unknown command.
Unknown command.
Unknown command.
Unknown command.
Unknown command.
Unknown command.
Unknown command.
Unknown command.
Unknown command.
Okay, then.
The small abomination hits you!
* * * LOW HITPOINT WARNING * * *
Something hits you but does no damage.
You pass through the gate.
Welcome back to the Orcish Mines!
Level annotation: Sonja Reactivating autopickup.
The orc warrior is struck by your spines.
The orc warrior hits you with a +0 mace!
You die...

.....§#≈.......#
#.........
.....)##.....≈.#
#..........
......####.≈≈§##
#.....##.... ......#
##≈≈§# #...## ##...
...#..######≈## ....
#.... ..........######
.... #.>..
.#.##..#.......# ...o.
#....
..######.......###o[)#
#.... .##
##......x@o..# .....
## ####.........#
##.....#.## #..K..# #
##..### ...# ##.#.
####


You could see Sonja, 2 orc warriors, a small abomination and an orc.

Vanquished Creatures
  2 tentacled starspawn (Abyss:1)
  A deep elf sorcerer (Abyss:1)
  Josephine (D:11)
  Fannar (Orc:1)
  Erica (D:9)
  3 two-headed ogres
  An orc high priest (Bailey)
  Lodul (D:11)
  A large abomination (Abyss:1)
  Pikel (D:9)
  A deep elf pyromancer (D:12)
  A manticore (D:12)
  A salamander (Orc:1)
  3 gargoyles
  2 unseen horrors (D:12)
  Maggie (D:9)
  A kobold demonologist (Bailey)
  Psyche (D:9)
  3 ancient zymes (Abyss:1)
  A komodo dragon (D:10)
  A queen bee (D:11)
  A troll (D:11)
  A harpy skeleton (Abyss:1)
  11 yaks
  4 wraiths
  13 vampire mosquitoes
  2 neqoxecs (Abyss:1)
  A water moccasin (D:7)
  2 sky beasts
  An ice beast (D:6)
  12 orc warriors
  6 ogres (D:11)
  4 lemures (D:9)
  3 centaurs
  2 kobold brigands (D:9)
  A bullfrog (D:7)
  A scorpion (D:7)
  5 wights
  23 killer bees (D:11)
  4 electric eels (Bailey)
  A howler monkey (D:8)
  A lava snake (Orc:1)
  6 hounds
  11 orc priests
  3 iguanas
  14 orc wizards
  A sleepcap (D:7)
  Natasha (twice) (D:3)
  7 adders
  6 gnolls
  2 shadow imps
  A white imp (D:5)
  6 ufetubi
  A worm (D:5)
  3 dart slugs
  62 orcs
  4 endoplasms
  2 giant cockroaches (D:4)
  14 goblins
  4 hobgoblins
  2 jackals (D:3)
  8 kobolds
  3 quokkas
  6 ball pythons
  4 bats
  2 frilled lizards (D:3)
  2 rats
304 creatures vanquished.

Vanquished Creatures (collateral kills)
  A cyclops (D:11)
  A komodo dragon (D:9)
  A vampire (D:10)
  A shadow (D:11)
  2 yaks
  A wyvern (D:8)
  Edmund (D:6)
  8 orc warriors
  2 sky beasts
  2 black bears
  A bullfrog (D:8)
  3 scorpions
  A jelly (D:5)
  8 wights
  3 killer bees (D:11)
  3 orc priests
  2 orc wizards
  2 gnolls
  A shadow imp (D:8)
  A white imp (D:6)
  14 orcs
  A kobold (D:9)
60 creatures vanquished.

Vanquished Creatures (others)
  2 knights
  An ancestor (D:5)
  A kobold (D:9)
  6 starspawn tentacles (Abyss:1)
10 creatures vanquished.

Grand Total: 374 creatures vanquished

Notes
Turn   | Place    | Note
-------+----------+-------------------------------------------
     0 | D:1      | freelancePsychic the Demonspawn Hexslinger began the quest
                  | for the Orb.
     0 | D:1      | Reached XP level 1. HP: 15/15 MP: 2/2
    72 | D:1      | Reached skill level 1 in Fire Magic
   625 | D:1      | Gained mutation: Your touch may inflict minor irresistible
                  | damage on your foes. [demonic ancestry]
   625 | D:1      | Reached XP level 2. HP: 19/21 MP: 3/3
   990 | D:2      | Upgraded the game from 0.31-a0-1178-gc5c9b8f871 to
                  | 0.31-a0-1204-ge2c1a860ed
  1295 | D:2      | Reached XP level 3. HP: 18/27 MP: 4/4
  1668 | D:2      | Learned a level 2 spell: Jinxbite
  1761 | D:3      | Found a faded altar of an unknown god.
  2053 | D:3      | Reached skill level 2 in Fighting
  2092 | D:3      | Found an ornate altar of the Wu Jian Council.
  2526 | D:3      | Noticed Natasha
  2557 | D:3      | You fall into a shaft and drop 1 floor!
  2674 | D:4      | Reached skill level 1 in Evocations
  2674 | D:4      | Gained mutation: You are partially covered in yellow
                  | scales. (AC +2) [demonic ancestry]
  2674 | D:4      | Reached XP level 4. HP: 33/33 MP: 2/5
  2743 | D:4      | Found an iron altar of Okawaru.
  2746 | D:4      | Found a hazy altar of Hepliaklqana.
  2751 | D:4      | Became a worshipper of Hepliaklqana the Forgotten
  3290 | D:5      | Entered Level 5 of the Dungeon
  3387 | D:5      | Noticed a scorpion
  3407 | D:5      | Noticed a black bear
  3434 | D:5      | Gained mutation: You are mostly covered in yellow scales.
                  | (AC +3) [demonic ancestry]
  3434 | D:5      | Reached XP level 5. HP: 39/39 MP: 3/6
  3755 | D:3      | Killed Natasha
  3942 | D:3      | Noticed Natasha
  3953 | D:3      | Killed Natasha
  3954 | D:3      | Reached skill level 3 in Fighting
  4179 | D:5      | Found a transporter.
  4330 | D:5      | Found a radiant altar of Vehumet.
  4407 | D:5      | Gained mutation: You are partially covered in sharp spines.
                  | [demonic ancestry]
  4407 | D:5      | Reached XP level 6. HP: 47/47 MP: 4/7
  4471 | D:5      | Reached * piety under Hepliaklqana
  4643 | D:5      | Found a transporter.
  4712 | D:5      | Reached skill level 4 in Fighting
  4766 | D:5      | Found a staircase to the Ecumenical Temple.
  5029 | D:5      | Reached skill level 5 in Fighting
  5092 | D:5      | Gained mutation: Your touch may inflict irresistible damage
                  | on your foes. [demonic ancestry]
  5092 | D:5      | Reached XP level 7. HP: 50/50 MP: 5/8
  5244 | D:6      | Reached ** piety under Hepliaklqana
  5245 | D:6      | Remembered your ancestor Ntombi as a knight
  5350 | D:6      | Noticed Edmund
  5362 | D:6      | Killed Edmund
  5367 | D:6      | Learned a level 3 spell: Inner Flame
  5516 | D:6      | Reached skill level 5 in Hexes
  5570 | D:6      | Gained mutation: You are completely covered in yellow
                  | scales. (AC +4, rCorr) [demonic ancestry]
  5570 | D:6      | Reached XP level 8. HP: 57/57 MP: 5/9
  5717 | D:6      | Found a broken altar of Ashenzari.
  5719 | D:6      | Found a shimmering blue altar of Sif Muna.
  5719 | D:6      | Found a hide-covered altar of Uskayaw.
  5719 | D:6      | Found a shadowy altar of Dithmenos.
  5720 | D:6      | Found a blossoming altar of Fedhas.
  5724 | D:6      | Found an opulent altar of Gozag.
  5746 | D:7      | Found Qyinwovesh's Jewellery Boutique.
  6060 | D:7      | Reached skill level 6 in Fighting
  6489 | D:7      | Reached XP level 9. HP: 63/63 MP: 9/12
  6694 | D:7      | Reached *** piety under Hepliaklqana
  6881 | D:8      | Reached skill level 5 in Ranged Weapons
  6908 | D:8      | Noticed a two-headed ogre
  6917 | D:8      | Killed a two-headed ogre
  6918 | D:8      | Reached skill level 7 in Fighting
  6935 | D:8      | Identified the +1 robe of Omission {rElec Dex+4 Slay+3}
  7006 | D:8      | Found a flagged portal.
  7013 | Bailey   | Entered a bailey
  7231 | Bailey   | Noticed an orc high priest
  7239 | Bailey   | Killed an orc high priest
  7240 | Bailey   | Gained mutation: Your hexes are more powerful. [demonic
                  | ancestry]
  7240 | Bailey   | Reached XP level 10. HP: 72/72 MP: 10/16
  7258 | Bailey   | Reached skill level 8 in Fighting
  7422 | Bailey   | Found an iron altar of Okawaru.
  7438 | Bailey   | Identified the +1 scale mail of Festooned Satisfaction
                  | {Will++ Int+2 Slay-6 SInv}
  7443 | Bailey   | Identified the +4 quick blade of Eternal Vigilance {freeze,
                  | rElec}
  7566 | Bailey   | Reached skill level 5 in Spellcasting
  7697 | Bailey   | Acquired the +0 cloak of the Seven Olives {rC+ Str+3 Int+3}
  7939 | D:8      | Identified the +7 falchion "Suluh" {antimagic, Int-5 Dex+3}
  8609 | D:9      | Noticed Pikel
  8614 | D:9      | Killed Pikel
  8628 | D:9      | Noticed Psyche
  8669 | D:9      | Killed Psyche
  8670 | D:9      | Reached skill level 9 in Fighting
  8862 | D:9      | Reached **** piety under Hepliaklqana
  8913 | D:9      | Noticed a two-headed ogre
  8920 | D:9      | Killed a two-headed ogre
  8921 | D:9      | Gained mutation: You are mostly covered in sharp spines.
                  | [demonic ancestry]
  8921 | D:9      | Reached XP level 11. HP: 80/80 MP: 15/20
  8967 | D:9      | Noticed Maggie
  8973 | D:9      | Killed Maggie
  9068 | D:9      | Found a staircase to the Orcish Mines.
  9183 | D:9      | Found a staircase to the Lair.
  9258 | D:9      | Noticed Erica
  9265 | D:9      | Killed Erica
  9628 | D:10     | Entered Level 10 of the Dungeon
  9893 | D:10     | Found a sacrificial altar of Ru.
  9949 | D:10     | Reached skill level 1 in Invocations
  9967 | D:10     | Found a shimmering altar of Xom.
  9970 | D:10     | Noticed a two-headed ogre
  9976 | D:10     | Killed a two-headed ogre
  9998 | D:10     | Identified the +1 leather armour of Ashenzari's Approval
                  | {rF+ MP+9 Int+4}
 10308 | D:10     | Found a large runed translucent door.
 10308 | D:10     | Found a large runed translucent door.
 10327 | D:10     | Reached skill level 10 in Fighting
 10833 | D:10     | Found a snail-covered altar of Cheibriados.
 10840 | D:10     | Found a bloodstained altar of Trog.
 11372 | D:11     | Reached ***** piety under Hepliaklqana
 11462 | D:11     | Reached skill level 1 in Translocations
 11464 | D:11     | Reached skill level 5 in Invocations
 11471 | D:11     | Noticed Josephine
 11482 | D:11     | Killed Josephine
 11596 | D:11     | Found a portal to a secret trove of treasure.
 11598 | D:11     | Noticed Lodul
 11602 | D:11     | Killed Lodul
 11603 | D:11     | Reached XP level 12. HP: 89/89 MP: 22/22
 11718 | Trove    | Entered a treasure trove
 11721 | Trove    | Found the necklace of Bloodlust {Fury *Rage Will++ Int-3
                  | Slay+6}
 11725 | Trove    | Identified the ring "Anaz" {Fire Int+5}
 11729 | Trove    | Identified the ring of the Spinneret {Ice Int+4 Stlth-}
 11731 | Trove    | Identified the amulet "Simuabb" {Reflect Harm rPois Will+
                  | SH+5 Stlth+}
 11738 | Trove    | Identified the ring of the Spinneret {Ice Str+4 Int-2}
 11742 | Trove    | Identified the amulet of the Blind Eye {Reflect rElec rN++
                  | Will+ Str-2 SH+5}
 11744 | Trove    | Identified the ring "Fyrghuo" {Ice Int+4 Dex+5}
 11746 | Trove    | Identified the ring of Wasar {rC++ Str+6 Int+3 Dex-2
                  | Stlth+}
 11748 | Trove    | Identified the ring "Coty" {rF+ Slay+5}
 11750 | Trove    | Identified the ring "Ryel" {rPois Will+ Str+5 Int-5}
 11751 | Trove    | Identified the ring of the Philosopher {rElec rN+ Int+6
                  | Dex+3}
 12106 | D:12     | Acquired the +1 helmet of Moral Flaws {rF+}
 12264 | D:12     | Reached skill level 11 in Fighting
 12960 | Orc:1    | Entered Level 1 of the Orcish Mines
 13242 | Orc:1    | Noticed Fannar
 13246 | Orc:1    | Killed Fannar
 13253 | Orc:1    | Learned a level 4 spell: Dimensional Bullseye
 13293 | Orc:1    | Noticed Sonja
 13296 | Abyss:1  | Found a corrupted altar of Lugonu.
 13296 | Abyss:1  | Cast into level 1 of the Abyss (Sonja)
 13401 | Abyss:1  | Found a corrupted altar of Lugonu.
 13407 | Abyss:1  | Found a corrupted altar of Lugonu.
 13407 | Abyss:1  | Found a corrupted altar of Lugonu.
 13407 | Abyss:1  | Noticed a deep elf sorcerer
 13411 | Abyss:1  | Killed a deep elf sorcerer
 13467 | Abyss:1  | Noticed a tentacled starspawn
 13474 | Abyss:1  | Killed a tentacled starspawn
 13644 | Abyss:1  | Found a corrupted altar of Lugonu.
 13826 | Abyss:1  | Noticed a tentacled starspawn
 13843 | Abyss:1  | Killed a tentacled starspawn
 13844 | Abyss:1  | Reached skill level 5 in Translocations
 13982 | Abyss:1  | Noticed a starcursed mass
 13999 | Abyss:1  | Noticed an eidolon
 14016 | Abyss:1  | Noticed a brown very ugly thing
 14032 | Orc:1    | Escaped the Abyss
 14032 | Orc:1    | Slain by an orc warrior

Illustrated notes

Levels and vault maps discovered:
D:1:      ebering_trefoil_3fold, layout_basic, serial_bayou_crossing
D:2:      layout_loops_ring
D:3:      layout_loops_ring, nicolae_overflow_crystal_walls,
          shapermc_ecumenical_altar_mp_vishouse, minmay_misc_feat_room,
          grunt_ministairs_10, uniq_natasha
D:4:      layout_basic, chequers_temple_overflow_statue_of_worship
D:5:      layout_basic, lemuel_doored_altar, minmay_temple_entry_butterflies,
          gammafunk_ghost_stat_death
D:6:      layout_basic, minitemple, uniq_edmund
D:7:      layout_loops_corners, serial_shops, nicolae_stop_n_shop_1,
          minivault_27
D:8:      layout_cave_pools, enter_bailey_3, minmay_starry_boxes
D:9:      layout_basic, david_lair_shrubbed, hiddenorc1_lemuel, uniq_pikel,
          uniq_maggie, uniq_erica, uniq_psyche
D:10:     layout_loops_ring, mainiacjoe_overflow_24_doors, kennysheep_mini,
          jmf_multi_god_temple2, lemuel_flame_loot_1
D:11:     layout_roguey [special_room_bee], enter_trove_1,
          minmay_misc_feat_square, kennysheep_cluttered_room, uniq_josephine,
          uniq_lodul
D:12:     layout_roguey
Orc:1:    layout_diamond_mine, serial_shops, nicolae_shop_hallway_plus,
          gammafunk_ghost_cemetery, nicolae_orc_lava_tube, uniq_sonja,
          uniq_fannar

Skill      XL: |  1  2  3  4  5  6  7  8  9 10 11 12 |
---------------+-------------------------------------+-----
Fire Magic     | 1 3 4 |  4.0
Ranged Weapons | 2 3 4 6 7 8 9 |  9.9
Fighting       | 2 3 5 6 7 9 10 11 | 11.8
Evocations     | 1 2 3 |  3.0
Hexes          | 4 5 6 7 9 |  9.6
Spellcasting   | 2 4 6 7 |  7.0
Invocations    | 5 8 |  8.8
Translocations | 2 5 |  5.0
Dodging        | |  1.8
Stealth        | |  0.4

Action                     |  1- 3 |  4- 6 |  7- 9 | 10-12 || total
---------------------------+-------+-------+-------+-------++-------
   Fire: Sling             |    99 |   121 |   191 |   253 ||   664
         Arbalest          |       |       |       |   207 ||   207
   Cast: Jinxbite          |    13 |    29 |    28 |    24 ||    94
         Inner Flame       |       |       |     9 |    60 ||    69
         Dimensional Bulls |       |       |       |     1 ||     1
 Invoke: Ancestor Life: Kn |       |       |     1 |       ||     1
  Evoke: Wand              |       |       |       |     4 ||     4
    Use: Scroll            |       |       |     8 |    11 ||    19
         Potion            |       |       |       |    10 ||    10
 Armour: Robe              |    23 |    24 |       |       ||    47
         Leather armour    |       |    40 |    48 |   169 ||   257
         Skin              |       |       |       |     4 ||     4
  Dodge: Dodged            |    27 |    51 |    35 |    89 ||   202

Table legend: (Time is in decaauts)
 A = Elapsed time spent in this place.
 B = Non-inter-level travel time spent in this place.
 C = Inter-level travel time spent in this place.
 D = Time resting spent in this place.
 E = Time spent auto-exploring this place.
 F = Levels seen in this place.
 G = Mean time per level.
                   A        B        C        D        E       F      G
               +--------+--------+--------+--------+--------+-----+--------+
         Total |  14310 |  13713 |    597 |    571 |  10741 |  16 |  894.4 |
       Dungeon |  12221 |  11625 |    596 |    459 |   9333 |  12 | 1018.4 |
  Orcish Mines |    355 |    355 |      0 |      0 |    269 |   1 |  355.0 |
         Abyss |    760 |    760 |      0 |     46 |    586 |   1 |  760.0 |
         Trove |     58 |     58 |      0 |      0 |      0 |   1 |   58.0 |
        Bailey |    914 |    914 |      0 |     66 |    553 |   1 |  914.0 |
               +--------+--------+--------+--------+--------+-----+--------+

Top non-repeatable levels by time:
    D:10: 1357 daAuts
     D:3: 1351 daAuts
     D:5: 1266 daAuts
     D:9: 1156 daAuts
     D:7: 1136 daAuts
    D:11: 1102 daAuts
     D:1: 988 daAuts
  Bailey: 914 daAuts
     D:4: 904 daAuts
    D:12: 848 daAuts
     D:8: 781 daAuts
 Abyss:1: 760 daAuts
     D:2: 749 daAuts
     D:6: 580 daAuts
   Orc:1: 355 daAuts
